Map: Snowbound Colony

Players

paradise

  • Race: Terran Terran
  • Spawn Location: 1:00

Grace

  • Race: Terran Terran
  • Spawn Location: 1:00

JenKo

  • Race: Terran Terran
  • Spawn Location: 12:00

NumLock

  • Race: Protoss Protoss
  • Spawn Location: 7:00

Smileblind

  • Race: Protoss Protoss
  • League: Silver
  • Spawn Location: 7:00

ikennyng

  • Race: Protoss Protoss
  • League: Bronze
  • Spawn Location: 6:00

VOD

Have the link to the VOD?

Description

Time

  • Played on: Feb. 3, 2019, 8:51 p.m.
  • Length: 15:08
Show
View Real Time Build Order
Export as new Build Order

paradise Terran 

Build Orders:  

Get SALT Encoding   

  12  0:01  SCV  
  13  0:13  SCV  
  14  0:26  SCV  
  15  0:31  Supply Depot  
  15  0:51  Refinery  
  15  0:53  SCV  
  16  0:59  Barracks  
  16  1:33  Barracks  
  16  1:36  SCV  
  17  1:57  Marine  
  18  2:23  Marine x2  
  20  2:53  Marine  
  20  2:54  Marine  
  22  3:11  Marine  
  23  3:15  Marine  
  21  3:29  Marine  
  21  3:30  SCV  
  23  3:54  Factory  
  23  3:58  Factory  
  23  4:00  Refinery  
  23  4:32  Orbital Command  
  23  4:46  Command Center  
  23  4:49  Factory Tech Lab  
  23  4:50  Factory Tech Lab  
  23  4:57  Marine  
  23  5:01  Marine  
  22  5:15  Marine  
  23  5:46  Barracks Reactor  
  23  5:50  Barracks Tech Lab  
  23  5:56  Siege Tank x2  
  29  6:03  SCV  
  30  6:07  Refinery  
  30  6:09  Armory  
  30  6:15  SCV  
  31  6:28  SCV, Siege Tank x2  
  33  6:40  SCV  
  33  7:03  Engineering Bay  
  33  7:13  SCV  
  34  7:21  Orbital Command  
  34  7:25  SCV  
  34  7:26  Refinery  
  35  7:37  SCV  
  36  7:45  Missile Turret  
  36  7:51  Missile Turret  
  36  9:01  Terran Vehicle Weapons Level 1  
  36  9:09  SCV  
  37  9:12  SCV  
  38  9:21  SCV  
  38  9:23  Terran Infantry Weapons Level 1  
  39  9:24  SCV, Supply Depot  
  39  9:27  Engineering Bay  
  39  9:30  Armory  
  40  9:33  SCV  
  40  9:36  SCV  
  43  9:45  SCV, Thor  
  43  9:48  SCV  
  50  9:55  Thor  
  50  9:57  SCV  
  57  10:00  SCV  
  57  10:01  Supply Depot  
  58  10:09  SCV  
  58  10:12  SCV  
  60  10:14  Terran Infantry Armor Level 1  
  60  10:19  Terran Vehicle And Ship Armor Level 1  
  60  10:22  SCV  
  60  10:24  SCV  
  62  10:34  SCV  
  63  10:37  SCV  
  64  10:46  SCV  
  65  11:00  Command Center  
  65  11:08  Command Center  
  65  11:15  SCV  
  65  11:18  Terran Vehicle Weapons Level 2  
  66  11:20  Terran Infantry Weapons Level 2  
  66  11:27  SCV  
  67  11:39  SCV, Thor  
  74  11:50  Missile Turret  
  74  11:51  SCV  
  75  11:55  Refinery  
  75  12:01  Refinery  
  75  12:03  SCV  
  75  12:05  Refinery  
  76  12:09  Hi-Sec Auto Tracking  
  76  12:12  Thor  
  76  12:14  Terran Vehicle And Ship Armor Level 2  
  82  12:22  SCV, Thor  
  83  12:24  Refinery  
  83  12:29  SCV  
  90  12:34  SCV  
  91  12:37  SCV  
  91  12:40  SCV  
  91  12:41  SCV  
  94  12:45  Missile Turret  
  94  12:46  SCV  
  94  12:48  Missile Turret  
  94  12:49  SCV  
  96  12:52  SCV  
  96  12:53  SCV  
  96  12:55  Thor  
  96  12:58  SCV  
  105  13:01  SCV  
  105  13:04  SCV  
  105  13:05  SCV, Neosteel Armor  
  108  13:22  Supply Depot  
  108  13:26  Supply Depot  
  108  13:42  Orbital Command  
  108  13:44  SCV x2  
  108  13:45  Orbital Command  
  110  13:50  Supply Depot x2  
  110  13:55  Thor x2  
  122  13:56  SCV x2  
  124  14:11  Marine x3  
  124  14:12  SCV x2  
  129  14:20  Supply Depot x2  
  129  14:24  SCV x2  
  130  14:29  Marine x3  
  134  14:36  SCV  
  134  14:37  SCV  
  136  14:38  SCV  
  136  14:45  SCV  
  138  14:47  Marine x3  
  138  14:48  SCV  
  138  14:49  SCV  
  138  14:50  SCV  
  138  14:52  Supply Depot  
  144  14:55  Supply Depot  
Show
View Real Time Build Order
Export as new Build Order

Grace Terran 

Build Orders:  

Get SALT Encoding   

  12  0:27  Supply Depot  
  12  0:53  Barracks  
  12  0:59  Barracks  
  12  1:01  Barracks  
  12  2:02  Marine x2  
  12  2:03  Marine  
  15  2:16  Orbital Command  
  15  2:27  Marine x3  
  18  2:38  Refinery  
  18  2:45  Marine x2  
  18  2:47  Refinery  
  18  2:48  SCV  
  18  2:51  Marine  
  23  3:08  Supply Depot  
  22  3:38  Marine x2  
  22  3:40  Marine  
  21  3:50  Command Center  
  21  3:56  Marine x2  
  21  3:58  Marine  
  24  4:04  SCV  
  25  4:13  Marine  
  26  4:29  Marine x2  
  28  4:31  Marine  
  28  4:38  SCV  
  30  5:06  Orbital Command  
  29  5:09  SCV  
  29  5:12  Barracks Tech Lab, Marine x2  
  32  5:45  SCV  
  32  5:47  Marine x3  
  32  5:49  Stimpack  
  36  5:57  SCV  
  37  6:09  SCV  
  38  6:15  Factory  
  34  6:41  SCV  
  26  6:57  SCV  
  26  6:58  Engineering Bay  
  26  7:04  Factory Tech Lab  
  26  7:06  SCV  
  27  7:08  Refinery x2  
  27  7:10  SCV  
  28  7:18  SCV  
  28  7:20  Marine x2  
  28  7:22  Marauder  
  33  7:25  Terran Infantry Weapons Level 1  
  33  7:33  Missile Turret x2  
  33  7:34  Missile Turret  
  33  7:37  Missile Turret  
  33  7:41  SCV  
  34  7:50  Combat Shield  
  34  7:54  Missile Turret, Siege Tank  
  34  7:56  SCV  
  38  7:58  Missile Turret, Marine x2  
  38  8:02  Missile Turret  
  38  8:03  SCV  
  41  8:15  SCV  
  41  8:18  SCV  
  41  8:19  Marine  
  44  8:29  Barracks Reactor  
  44  8:34  SCV  
  44  8:36  SCV  
  46  8:45  Supply Depot  
  46  8:50  Supply Depot  
  46  8:56  Starport  
  46  9:12  Marine x3  
  49  9:18  SCV  
  49  9:21  Terran Infantry Armor Level 1  
  50  9:27  Command Center  
  50  9:30  SCV  
  51  9:35  Starport Reactor  
  51  9:36  Marine x2  
  51  9:37  Starport, Marine x2  
  55  9:45  Siege Tank  
  58  9:46  SCV  
  59  9:55  Armory  
  59  9:59  Marine x2  
  61  10:02  Marine  
  61  10:05  Barracks, Barracks Reactor  
  62  10:14  Starport Tech Lab  
  62  10:15  Supply Depot  
  62  10:36  Raven, SCV, Marine x2  
  62  10:38  Supply Depot  
  62  10:42  Marine x3  
  68  10:45  Supply Depot  
  68  10:49  Terran Vehicle And Ship Armor Level 1  
  70  10:50  SCV  
  70  10:53  Barracks Reactor  
  70  10:54  Marine x2  
  76  10:57  Siege Tank  
  76  11:00  Marine x2  
  76  11:02  Marine  
  79  11:06  Factory  
  79  11:08  Supply Depot  
  79  11:12  Marine x2  
  79  11:13  Orbital Command  
  81  11:24  Medivac x2  
  85  11:30  Marine  
  85  11:31  Marine  
  87  11:50  Marine x4  
  87  11:51  Marine x2  
  87  11:52  Marine  
  94  11:57  Engineering Bay  
  94  12:02  Supply Depot, Medivac  
  94  12:05  Medivac, Orbital Command  
  98  12:10  SCV  
  99  12:22  SCV x2  
  101  12:25  Refinery x2  
  101  12:26  Factory Reactor  
  101  12:31  Terran Infantry Weapons Level 2  
  101  12:32  Supply Depot  
  101  12:33  Supply Depot  
  101  12:35  Medivac  
  103  12:37  Medivac  
  103  12:39  SCV  
  103  12:40  Refinery  
  103  12:42  SCV  
  107  12:49  Drilling Claws, Widow Mine  
  109  12:54  SCV, Marine x2  
  109  12:55  Marine x2  
  109  12:56  Marine x2  
  109  12:57  Marine  
  117  13:04  Supply Depot  
  117  13:05  Supply Depot, Medivac  
  119  13:06  Widow Mine  
  119  13:07  Medivac  
  119  13:08  Widow Mine  
  125  13:13  Marine x2  
  125  13:14  Marine x4  
  131  13:29  Supply Depot  
  131  13:30  Supply Depot  
  131  13:33  Widow Mine x3  
  137  13:38  Marine  
  137  13:39  Marine  
  137  13:40  Marine  
  137  13:41  Marine  
  141  13:49  Marine  
  141  13:52  Medivac  
  141  13:54  Siege Tank  
  147  13:56  Marine x2  
  147  13:57  Medivac  
  147  13:58  Marine x2  
  147  13:59  Marine x2  
  147  14:01  SCV  
  156  14:06  Marine  
  156  14:09  SCV  
  158  14:14  SCV  
  158  14:16  Marine x3  
  158  14:17  Marine x3  
  165  14:26  Supply Depot  
  165  14:28  Supply Depot  
  167  14:53  Supply Depot  
  167  14:55  Supply Depot  
Show
View Real Time Build Order
Export as new Build Order

JenKo Terran 

Build Orders:  

Get SALT Encoding   

  12  0:21  Supply Depot  
  12  0:51  Barracks  
  12  0:59  Barracks  
  12  1:27  Barracks  
  12  1:30  Refinery  
  12  1:41  Marine  
  13  1:48  Supply Depot  
  13  1:59  Marine  
  14  2:06  Marine  
  15  2:17  Marine  
  16  2:24  Marine  
  17  2:31  Marine  
  17  2:34  Marine  
  19  2:40  Orbital Command  
  19  2:42  Marine  
  20  2:48  Marine  
  21  3:05  Marine x2  
  23  3:06  Marine  
  24  3:32  Marine x2  
  27  3:37  Supply Depot  
  27  3:39  Barracks Tech Lab  
  26  3:50  Marine x2  
  28  4:00  Supply Depot  
  28  4:18  Factory, Stimpack  
  28  4:28  Refinery  
  28  4:48  Barracks Tech Lab  
  28  4:57  Marine  
  28  4:58  Marine  
  18  5:43  Factory Tech Lab  
  18  5:45  Marine x2  
  18  5:46  Combat Shield  
  18  5:47  Marine  
  21  6:03  Marine  
  22  6:10  Command Center  
  16  6:32  Marine x3  
  22  6:40  Siege Tank  
  22  6:49  Marine  
  22  6:50  Marine x2  
  22  7:09  SCV  
  23  7:22  Orbital Command  
  23  7:34  SCV  
  23  7:35  Marine x2  
  26  7:38  Barracks Reactor  
  26  7:46  SCV  
  27  7:53  SCV, Marine x2  
  30  8:05  SCV  
  29  8:08  Engineering Bay  
  28  8:15  SCV  
  28  8:17  SCV  
  30  8:27  SCV  
  30  8:28  Marine x2  
  30  8:29  SCV, Marine  
  35  8:40  Missile Turret  
  35  8:41  SCV  
  36  8:51  Siege Tank  
  36  8:53  SCV  
  40  8:55  Marine x2  
  40  8:56  Marine  
  40  9:02  Starport  
  43  9:05  SCV  
  44  9:17  SCV  
  45  9:25  Missile Turret  
  45  9:30  SCV  
  46  9:42  SCV, Refinery, Starport Reactor  
  47  9:45  Refinery  
  47  9:46  SCV  
  48  9:54  SCV  
  48  9:58  SCV  
  50  10:06  SCV  
  51  10:10  SCV  
  52  10:18  SCV  
  53  10:23  SCV  
  53  10:26  Medivac x2  
  58  10:30  SCV  
  58  10:35  SCV  
  60  10:42  Refinery  
  60  10:46  Refinery  
  60  10:50  Marine x2  
  60  10:53  Missile Turret  
  62  11:00  Supply Depot  
  62  11:17  Missile Turret  
  62  11:21  Marine x4  
  62  11:22  SCV  
  62  11:25  Supply Depot  
  67  11:34  Supply Depot  
  67  11:45  Missile Turret, Siege Tank, Orbital Command  
  70  11:48  Supply Depot  
  70  11:56  Supply Depot  
  70  12:10  Supply Depot  
  70  12:11  Missile Turret  
  70  12:13  SCV  
  71  12:26  SCV  
  72  12:37  Viking x2  
  72  12:38  SCV  
  72  12:39  Starport  
  77  12:50  SCV  
  78  12:51  Starport, Marine  
  78  12:52  Marine x3  
  78  12:55  Supply Depot  
  82  13:02  SCV  
  83  13:09  Marine x2  
  85  13:14  SCV  
  85  13:18  Supply Depot  
  86  13:28  Missile Turret  
  86  13:32  Factory Tech Lab  
  86  13:39  Viking x2  
  86  13:40  Starport Reactor  
  86  13:41  Starport Reactor  
  90  13:42  Marine  
  90  13:43  Marine x3  
  94  14:00  Marine x2  
  96  14:04  Missile Turret  
  96  14:09  Viking x2  
  100  14:30  Medivac x2  
  104  14:32  Viking x2  
  108  14:41  Supply Depot x2  
  108  14:47  Refinery  
  108  14:48  Refinery  
  104  15:05  Supply Depot  
Show
View Real Time Build Order
Export as new Build Order

NumLock Protoss 

Build Orders:  

Get SALT Encoding   

  12  0:04  Probe  
  13  0:16  Probe  
  14  0:21  Pylon  
  14  0:32  Assimilator  
  14  0:34  Probe  
  15  0:46  Probe  
  15  0:47  Gateway  
  16  0:54  Probe  
  16  1:02  Probe  
  18  1:14  Probe  
  19  1:26  Probe  
  20  1:35  Pylon  
  20  1:37  Assimilator  
  20  1:41  Probe  
  20  1:42  Cybernetics Core  
  20  1:46  Pylon  
  21  1:49  Probe  
  22  1:58  Probe  
  23  2:29  Protoss Air Weapons Level 1  
  23  2:42  Stargate, Probe  
  23  2:50  Probe  
  25  3:19  Nexus  
  25  3:20  Stargate  
  25  3:22  Assimilator  
  25  3:26  Assimilator  
  25  3:28  Pylon  
  25  3:32  Pylon  
  25  3:33  Pylon  
  25  4:18  Stargate  
  25  4:23  Stargate  
  25  4:24  Pylon  
  25  4:26  Pylon  
  25  4:27  Pylon  
  25  4:37  Probe  
  25  4:45  Probe  
  26  4:47  Probe  
  28  4:54  Probe  
  28  4:55  Probe  
  30  5:01  Void Ray  
  30  5:04  Probe  
  30  5:07  Probe  
  35  5:10  Void Ray  
  36  5:16  Probe  
  36  5:19  Probe  
  42  5:27  Void Ray  
  42  5:28  Probe  
  47  6:08  Void Ray  
  39  6:35  Void Ray  
  43  7:16  Probe  
  44  7:24  Probe  
  45  7:33  Probe  
  46  7:46  Probe  
  47  7:58  Probe  
  48  8:07  Probe  
  49  8:15  Probe  
  49  8:18  Void Ray x3  
  49  8:19  Void Ray  
  66  8:25  Probe  
  67  8:37  Probe  
  67  8:38  Nexus  
  68  8:42  Assimilator  
  68  8:47  Assimilator  
  68  8:49  Probe  
  69  9:01  Void Ray x3  
  81  9:19  Probe  
  82  9:27  Probe  
  82  9:29  Probe  
  84  9:35  Probe  
  84  9:43  Probe  
  85  9:48  Probe  
  85  9:51  Probe  
  87  9:56  Probe  
  88  10:02  Probe  
  88  10:03  Pylon  
  88  10:05  Pylon  
  88  10:06  Probe  
  90  10:07  Pylon  
  90  10:10  Pylon, Probe  
  90  10:13  Pylon  
  92  10:15  Pylon  
  92  10:18  Probe x2  
  93  10:25  Void Ray x4  
  110  10:30  Probe x2  
  111  10:42  Probe x2  
  113  11:07  Stargate  
  113  11:08  Void Ray  
  113  11:09  Stargate  
  117  11:12  Pylon  
  117  11:13  Pylon  
  117  11:15  Pylon  
  117  11:16  Fleet Beacon  
  117  11:19  Cybernetics Core  
  117  11:29  Void Ray x2  
  117  11:30  Forge  
  129  11:49  Protoss Air Weapons Level 2  
  129  11:50  Void Ray  
  129  11:52  Protoss Air Armor Level 1, Void Ray  
  129  11:53  Protoss Shields Level 1, Void Ray  
  129  11:54  Void Ray  
  141  12:12  Twilight Council  
  141  12:15  Void Ray  
  145  12:17  Void Ray  
  149  12:40  Void Ray x3  
  161  13:31  Void Ray  
  161  13:32  Void Ray x3  
  161  13:34  Nexus  
  177  13:35  Void Ray  
  177  13:37  Assimilator  
  181  13:41  Void Ray  
  181  13:42  Assimilator  
  181  13:46  Pylon  
  185  13:49  Pylon x2  
  185  13:51  Pylon  
  185  13:52  Pylon  
  185  13:54  Pylon  
  185  13:59  Pylon  
  185  14:07  Pylon  
  185  14:14  Void Ray  
Show
View Real Time Build Order
Export as new Build Order

Smileblind Protoss 

Build Orders:  

Get SALT Encoding   

  12  0:02  Probe  
  14  0:14  Probe  
  14  0:26  Probe  
  15  0:35  Pylon  
  15  0:51  Assimilator  
  15  0:53  Probe  
  16  1:05  Probe  
  16  1:09  Gateway  
  17  1:17  Probe  
  18  1:21  Assimilator  
  18  1:29  Probe  
  18  1:31  Forge  
  19  1:40  Pylon  
  19  1:41  Probe  
  20  1:53  Probe  
  21  1:59  Cybernetics Core  
  21  2:05  Probe, Zealot  
  22  2:15  Photon Cannon  
  24  2:17  Probe  
  25  2:24  Photon Cannon  
  25  2:26  Warp Gate  
  25  2:34  Pylon  
  25  2:38  Stalker  
  27  3:08  Nexus  
  27  3:09  Sentry  
  29  3:17  Pylon  
  29  3:19  Probe  
  30  3:31  Probe  
  31  3:35  Sentry  
  31  3:36  Twilight Council  
  33  3:43  Probe  
  34  4:01  Stalker  
  36  4:07  Charge  
  36  4:10  Photon Cannon  
  36  4:11  Probe  
  37  4:18  Probe  
  38  4:27  Probe  
  39  4:31  Stalker  
  39  4:36  Probe  
  41  4:39  Gateway  
  41  4:44  Probe  
  43  4:52  Probe  
  44  5:02  Probe  
  44  5:05  Dark Shrine  
  45  5:10  Stargate  
  45  5:13  Stalker  
  47  5:14  Probe  
  48  5:26  Probe  
  37  5:40  Zealot x2  
  39  5:49  Photon Cannon  
  39  5:51  Photon Cannon  
  39  5:53  Photon Cannon  
  39  5:55  Photon Cannon  
  39  6:01  Zealot x2  
  43  6:05  Void Ray  
  43  6:09  Protoss Ground Weapons Level 1  
  47  6:11  Gateway  
  47  6:24  Dark Templar  
  49  6:35  Dark Templar  
  51  6:45  Probe  
  51  6:53  Probe  
  53  7:03  Probe  
  53  7:06  Gateway  
  54  7:15  Probe  
  55  7:19  Void Ray  
  59  7:27  Probe  
  60  7:40  Dark Templar  
  56  8:17  Void Ray  
  60  8:25  Assimilator  
  60  8:26  Zealot  
  62  8:29  Assimilator  
  62  8:35  Pylon  
  62  8:36  Pylon  
  62  8:38  Pylon  
  62  8:40  Pylon  
  62  8:45  Gateway  
  62  8:53  Probe  
  62  8:55  Gateway  
  63  8:56  Gateway  
  63  8:58  Void Ray  
  63  9:00  Gateway  
  63  9:01  Gateway  
  67  9:05  Probe  
  67  9:09  Dark Templar x2  
  72  9:11  Zealot  
  72  9:12  Zealot  
  76  9:17  Probe  
  77  9:32  Pylon  
  77  9:33  Probe  
  77  9:34  Pylon  
  78  9:40  Zealot x2  
  78  9:45  Probe, Zealot x3  
  89  9:51  Sentry  
  91  10:06  Probe  
  92  10:07  Probe  
  92  10:08  Nexus  
  93  10:18  Probe  
  93  10:20  Stargate  
  94  10:25  Gateway, Probe  
  95  10:30  Probe  
  95  10:31  Protoss Air Weapons Level 1  
  96  10:37  Void Ray  
  100  10:57  Shield Battery  
  100  10:58  Shield Battery  
  100  11:00  Shield Battery  
  100  11:14  Probe  
  100  11:15  Probe  
  100  11:16  Fleet Beacon  
  102  11:21  Assimilator  
  102  11:25  Assimilator  
  102  11:27  Probe x2  
  102  11:30  Void Ray  
  108  11:38  Void Ray  
  112  11:41  Probe  
  113  11:49  Probe  
  114  11:57  Probe  
  115  12:13  Void Ray  
  120  12:17  Probe  
  120  12:27  Protoss Air Weapons Level 2  
  120  12:40  Pylon  
  120  12:43  Pylon  
  120  12:55  Robotics Facility  
  120  12:58  Mothership  
  120  13:00  Dark Templar  
  120  13:01  Carrier  
  120  13:04  Dark Templar  
  138  13:13  Sentry  
  140  13:27  Pylon  
  140  13:29  Pylon  
  140  13:31  Pylon  
  138  13:43  Observer  
  138  13:45  Carrier  
  151  14:18  Sentry x4  
  151  14:21  Observer  
  160  14:36  Pylon  
  160  14:38  Pylon  
  160  14:39  Pylon  
Show
View Real Time Build Order
Export as new Build Order

ikennyng Protoss 

Build Orders:  

Get SALT Encoding   

  12  0:13  Pylon  
  12  0:37  Forge  
  12  0:59  Pylon  
  12  1:02  Pylon  
  11  1:12  Assimilator  
  11  1:18  Assimilator  
  10  1:27  Probe  
  11  1:35  Probe  
  12  2:23  Pylon  
  12  2:29  Pylon  
  12  2:34  Assimilator  
  12  2:36  Assimilator  
  12  2:44  Photon Cannon  
  12  2:47  Pylon  
  10  3:05  Gateway  
  10  3:12  Pylon  
  10  3:15  Assimilator  
  10  3:47  Photon Cannon  
  10  3:53  Assimilator  
  10  4:00  Photon Cannon  
  10  4:25  Zealot  
  12  4:38  Probe  
  12  4:39  Cybernetics Core  
  1  7:48  Nexus  
  1  7:54  Assimilator  
  1  7:59  Assimilator  
  1  8:04  Pylon  
  1  8:23  Pylon  
  1  8:42  Pylon  
  1  8:49  Pylon  
  1  8:57  Probe  
  2  9:05  Probe  
  3  9:10  Gateway  
  3  9:15  Probe  
  4  9:27  Probe  
  5  9:39  Probe  
  6  9:51  Probe  
  7  10:03  Probe  
  8  10:09  Cybernetics Core  
  8  10:12  Probe  
  8  10:20  Probe  
  10  10:29  Probe  
  11  10:41  Probe  
  12  10:54  Probe  
  12  10:56  Stargate  
  13  11:06  Probe  
  14  11:13  Pylon  
  14  11:18  Probe  
  15  11:30  Probe  
  16  11:42  Probe  
  17  11:50  Probe  
  17  11:58  Probe  
  18  12:06  Probe  
  19  12:14  Probe  
  21  12:23  Probe  
  22  12:35  Probe  
  23  12:47  Probe  
  24  13:04  Nexus  
  24  13:11  Probe  
  25  13:19  Pylon  
  25  13:23  Probe  
  26  13:46  Fleet Beacon  
  26  14:14  Probe  
  26  14:23  Probe  
  27  14:29  Stargate  
  28  14:31  Probe  
  28  14:34  Stargate  
  29  14:40  Stargate  
  29  14:44  Probe  
  30  14:56  Probe  
  30  14:58  Pylon  
Tags
 
Add a new tag
Caveats
  • Supply blocks, unpowered buildings, or Contaminate may cause inaccurate times.
  • Supply counts are checked every 10 seconds.